 Dungeon Sprint DCSS version 0.17-a0-1850-g688e747 (webtiles) character file.

150336 Kidiri the Invulnerable (level 16, -3/169 HPs)
             Began as a Minotaur Fighter on Sept 19, 2015.
             Was the Champion of Trog.
             Slain by a Hell Sentinel (8 damage)
             ... summoned by a deep elf demonologist
             ... in the Dungeon (Sprint VII: "The Pits").
             The game lasted 01:27:08 (10760 turns).

Kidiri the Invulnerable (Minotaur Fighter)         Turns: 10760, Time: 01:27:08

Health: -3/169     AC: 41    Str: 34      XL:     16   Next: 98%
Magic:  37/37      EV: 13    Int: 10      God:    Trog [******]
Gold:   67         SH: 19    Dex:  6 (7)  Spells: 0 memorised, 15 levels left

rFire  + + .     SeeInvis +     l - +4 eveningstar (protect)
rCold  + . .     Clarity  .     Y - +3 gold dragon armour
rNeg   + + +     SustAt   .     c - +0 shield
rPois  +         Gourm    .     y - +3 hat of Pondering {ponderous, MR+ MP+10 Int+5}
rElec  +         Spirit   .     O - +2 cloak
rCorr  .         Warding  .     (no gloves)
rMut   .         NoTele   +     (no boots)
MR     ++...                    W - amulet "Jatojepyew" {+Rage rElec rN+ Dex-3}
Stlth  ..........               Z - ring "Byseryqe" {+Inv rN+ SInv}
                                S - ring "Ywunumus" {-Tele rF+ rN+ Str+6 Stlth+}

@: exhausted, very slightly contaminated, slowed, invisible, very slow, very
resistant to hostile enchantments, extremely unstealthy
A: retaliatory headbutt, horns 2, deterioration 1, sense surroundings 1,
electricity resistance
a: Burn Spellbooks, Berserk, Trog's Hand, Brothers in Arms, Renounce Religion,
Evoke Berserk Rage, Turn Visible


You were in the Dungeon.
You worshipped Trog.
Trog was exalted by your worship.
You were hungry.

You visited 1 branch You collected 67 gold pieces.

Inventory:

Hand weapons
 g - a cursed -1 battleaxe
 l - a +4 eveningstar of protection (weapon)
 q - a +3 antimagic morningstar
 s - a +0 dagger
 v - a +0 long sword
 w - a +3 longbow of flaming
 E - a +0 short sword
 F - a +4 morningstar of holy wrath
 L - a +0 halberd
 P - a +0 flail
Missiles
 x - 9 large rocks
Armour
 c - a +0 shield (worn)
 p - a +0 chain mail
 y - the +3 hat of Pondering (worn) {ponderous, MR+ MP+10 Int+5}
   (You took it off Gastronok in the Dungeon)

   It affects your intelligence (+5).
   It affects your resistance to hostile enchantments.
   It affects your magic capacity (+10).
 A - a +0 cloak
 G - a storm dragon hide
 N - a cursed +0 robe
 O - a +2 cloak (worn)
 T - a +0 robe
 Y - a +3 gold dragon armour (worn)
Jewellery
 S - the ring "Ywunumus" (left hand) {-Tele rF+ rN+ Str+6 Stlth+}
   (You found it in the Dungeon)

   [ring of strength]

   It affects your strength (+6).
   It protects you from fire.
   It protects you from negative energy.
   It prevents most forms of teleportation.
   It makes you more stealthy.
 W - the amulet "Jatojepyew" (around neck) {+Rage rElec rN+ Dex-3}
   (You found it in the Dungeon)

   [amulet of rage]

   It affects your dexterity (-3).
   It insulates you from electricity.
   It protects you from negative energy.
   It lets you go berserk.
 Z - the ring "Byseryqe" (right hand) {+Inv rN+ SInv}
   (You found it in the Dungeon)

   [ring of see invisible]

   It protects you from negative energy.
   It lets you see invisible.
   It lets you turn invisible.
Magical devices
 Q - a wand of draining (8)
 R - a wand of hasting (5)
 V - a wand of heal wounds (4)
Scrolls
 a - 2 scrolls of enchant weapon
 k - 4 scrolls of blinking
 r - 5 scrolls of remove curse
 t - a scroll of summoning
 u - 2 scrolls of vulnerability
 z - 2 scrolls of recharging
 B - 2 scrolls of fear
 C - 2 scrolls of fog
 D - 6 scrolls of identify
Potions
 d - 2 potions of might
 f - 12 potions of curing
 h - 4 potions of haste
 i - 5 potions of magic
 j - 3 potions of berserk rage
 o - 2 potions of invisibility
 H - 9 potions of heal wounds
 I - 4 potions of agility
 J - 4 potions of brilliance
 K - 3 potions of cure mutation
 M - a potion of lignification
 X - 2 potions of flight
Comestibles
 b - 23 chunks of flesh
 e - 2 bread rations
 m - 40 fruits
 n - 9 meat rations


   Skills:
 + Level 22.1 Fighting
 O Level 27 Maces & Flails
 O Level 27 Armour
 + Level 20.4 Dodging
 O Level 27 Shields
 * Level 17.1 Evocations


You had 15 spell levels left.
You didn't know any spells.

Dungeon Overview and Level Annotations

Branches:
Dungeon (1/1)

Altars:
Ashenzari
Cheibriados
Dithmenos
Elyvilon
Fedhas
Gozag
Kikubaaqudgha
Makhleb
Nemelex Xobeh
Okawaru
Qazlal
Ru
Sif Muna
Trog
Vehumet
Xom
Yredelemnul
Zin
The Shining One
Beogh
Jiyva
Lugonu


Innate Abilities, Weirdness & Mutations

You reflexively headbutt those who attack you in melee.
You have a pair of horns on your head.
Your body sometimes deteriorates upon taking damage.
You passively map a small area around you.
You are resistant to electric shocks.


Message History

You block the ice devil's attack. You block the spriggan rider's attack.
The Brimstone Fiend completely misses you.
The Brimstone Fiend hits you but does no damage. x2
Use which ability?
Your troll goes berserk!
You feel somewhat more hungry.
The Hell Sentinel stops burning.
The Hell Sentinel hits you!
* * * LOW HITPOINT WARNING * * *
The Hell Sentinel hits you but does no damage.
You block the Hell Sentinel's attack.
The Hell Sentinel completely misses you.
Your hill giant is struck by the Hell Sentinel's spines.
Your hill giant barely misses the Hell Sentinel.
You block the ice devil's attack. The Brimstone Fiend hits you.
* * * LOW HITPOINT WARNING * * *
The Brimstone Fiend hits you but does no damage. x2
The spriggan rider hits you from afar with a spear!
* * * LOW HITPOINT WARNING * * *
The Hell Sentinel hits you!
You die...

++##### ......# * , , , ......# ,
...#..# ,,#++#++#++#++######' *
......# +................., *
......# +......d...........
...#..#####..#..#3.#..#G.#..#
......##..+....T11iC.........
......##..+....C@3e1..)......,
...#..##..#÷'#')#1J#')#####*
......''÷....#...N.#.)# ,
......''.%...#.1...#..# , ,
####++#################
####++###########################
..##.............................
#.##.............................
+.##..##############++###########


You could see 2 Hell Sentinels, 2 Brimstone Fiends, a Shadow Fiend, a mottled
draconian, a greater naga, an ettin, a spriggan rider, an ice devil, a sun
demon, a deep elf demonologist, a death ooze, a giant eyeball (wandering), a
friendly hill giant (berserk) and a friendly troll (berserk).

Vanquished Creatures
  Ignacio (D)
  2 greater mummies (D)
  2 pandemonium lords (D)
  Norris (D)
  A Killer Klown (D)
  A golden dragon (D)
  2 pearl dragons (D)
  A bone dragon (D)
  2 Brimstone Fiends (D)
  A hellephant (D)
  A lich (D)
  An Ice Fiend (D)
  A Hell Sentinel (D)
  A titan (D)
  A deep elf master archer (D)
  3 deep elf blademasters (D)
  2 sphinxes (D)
  2 shadow dragons (D)
  A storm dragon (D)
  An azure jelly (D)
  A deep elf sorcerer (D)
  An iron dragon (D)
  A fire giant (D)
  A ghost moth (D)
  2 balrugs (D)
  An orc warlord (D)
  A war gargoyle (D)
  A stone giant (D)
  A draconian annihilator (D)
  2 ophanim (D)
  2 apis (D)
  A red draconian (D)
  A yellow draconian (D)
  A purple draconian (D)
  A deep elf annihilator (D)
  A dire elephant (D)
  A merfolk javelineer (D)
  A mottled draconian (D)
  An eidolon (D)
  Snorg (D)
  2 death oozes (D)
  2 vault guards (D)
  2 green deaths (D)
  A minotaur (D)
  A deep elf high priest (D)
  A great orb of eyes (D)
  A rakshasa (D)
  4 naga warriors (D)
  2 hydras (D)
  A catoblepas (D)
  Erica (D)
  A death yak (D)
  A spriggan air mage (D)
  A dancing weapon (D)
  An ogre mage (D)
  A sun demon (D)
  3 iron trolls (D)
  4 deep elf knights (D)
  2 hell hogs (D)
  2 spriggans (D)
  2 fire crabs (D)
  A deep troll (D)
  A spriggan druid (D)
  A harpy (shapeshifter) (D)
  A deep elf summoner (D)
  A wolf spider (D)
  A hornet (D)
  A sixfirhy (D)
  4 wizards (D)
  An orc knight (D)
  An orc sorcerer (D)
  A griffon (D)
  An elephant (D)
  A rust devil (D)
  2 eyes of devastation (D)
  3 yaktaurs (D)
  A naga mage (D)
  A spiny frog (D)
  A tormentor (D)
  A large abomination (D)
  A gargoyle (D)
  An efreet (D)
  A jumping spider (D)
  A giant leech (D)
  A guardian mummy (D)
  2 kobold demonologists (D)
  A two-headed ogre (D)
  3 wandering mushrooms (D)
  A wind drake (D)
  A merfolk (D)
  A bog body (D)
  An air elemental (D)
  A flying skull (D)
  A redback (D)
  A trapdoor spider (D)
  4 blink frogs (D)
  A shadow (D)
  A wraith (D)
  A deep elf mage (D)
  6 yaks (D)
  2 ynoxinuls (D)
  A fire bat (D)
  A neqoxec (D)
  2 wolves (D)
  A hippogriff (D)
  A hungry ghost (D)
  2 chaos spawn (D)
  2 vampire mosquitoes (D)
  An ice beast (D)
  4 orc warriors (D)
  A porcupine (D)
  2 eyes of draining (D)
  An ogre (D)
  2 centaurs (D)
  A phantom (D)
  2 wasps (D)
  A brain worm (D)
  3 big kobolds (D)
  A gnoll sergeant (D)
  An earth elemental (D)
  2 killer bees (D)
  A hound (D)
  2 orc priests (D)
  3 orc wizards (D)
  2 gnoll shamans (D)
  A sheep (D)
  8 gnolls (D)
  2 adders (D)
  A giant eyeball (D)
  A white imp (D)
  2 oozes (D)
  A worm (D)
  2 adder simulacra (D)
  4 orcs (D)
  A bat simulacrum (D)
  A bat skeleton (D)
  2 hobgoblins (D)
  7 kobolds (D)
  A giant newt (D)
  A goblin (D)
  A rat (D)
221 creatures vanquished.

Vanquished Creatures (collateral kills)
  A profane servitor (D)
  A Brimstone Fiend (D)
  A lich (D)
  A sphinx (D)
  Gastronok (D)
  An eldritch tentacle (D)
  A shadow dragon (D)
  2 greater nagas (D)
  Ilsuiw (D)
  A fire giant (D)
  2 frost giants (D)
  2 orc warlords (D)
  A draconian zealot (D)
  A stone giant (D)
  A dire elephant (D)
  2 purple draconians (D)
  2 deep elf annihilators (D)
  A lorocyproca (D)
  A white draconian (D)
  A fire dragon (D)
  A catoblepas (D)
  2 vampire magi (D)
  A dancing weapon (D)
  2 hell hogs (D)
  An unseen horror (shapeshifter) (D)
  A phantasmal warrior (D)
  2 lindwurms (D)
  A cherub (D)
  8 orc knights (D)
  An orc sorcerer (D)
  3 sirens (D)
  2 smoke demons (D)
  A hellion (D)
  A molten gargoyle (D)
  4 elephants (D)
  A demonic crawler (D)
  An efreet (D)
  A fire drake (D)
  A wandering mushroom (D)
  A jumping spider (D)
  4 merfolk (D)
  A shadow (D)
  A yak (D)
  4 wolves (D)
  An orc warrior (D)
  An orc wizard (D)
  3 orcs (D)
  A giant cockroach simulacrum (D)
77 creatures vanquished.

Vanquished Creatures (others)
  A fire giant (D)
  A killer bee (D)
  An adder skeleton (D)
  An orc (D)
  26 eldritch tentacle segments (D)
30 creatures vanquished.

Grand Total: 328 creatures vanquished

Notes
Turn   | Place    | Note
--------------------------------------------------------------
     0 | D        | Kidiri the Minotaur Fighter began the quest for the Orb.
     0 | D        | Reached XP level 1. HP: 19/19 MP: 0/0
    14 | D        | Reached skill level 4 in Armour
    14 | D        | Reached skill level 1 in Dodging
    14 | D        | Reached XP level 2. HP: 21/27 MP: 1/1
    63 | D        | Found a sacrificial altar of Ru.
    63 | D        | Found a basalt altar of Yredelemnul.
    63 | D        | Found a shadowy altar of Dithmenos.
    63 | D        | Found a deep blue altar of Sif Muna.
    63 | D        | Found a burning altar of Makhleb.
    63 | D        | Found a shimmering altar of Xom.
    63 | D        | Found an ancient bone altar of Kikubaaqudgha.
    63 | D        | Found a sparkling altar of Nemelex Xobeh.
    64 | D        | Found a glowing golden altar of the Shining One.
    64 | D        | Found a bloodstained altar of Trog.
    64 | D        | Found a shattered altar of Ashenzari.
    64 | D        | Found a white marble altar of Elyvilon.
    64 | D        | Found a snail-covered altar of Cheibriados.
    64 | D        | Found a blossoming altar of Fedhas.
    64 | D        | Found a radiant altar of Vehumet.
    64 | D        | Found a glowing silver altar of Zin.
    64 | D        | Found a corrupted altar of Lugonu.
    64 | D        | Found a viscous altar of Jiyva.
    64 | D        | Found a roughly hewn altar of Beogh.
    64 | D        | Found an iron altar of Okawaru.
    68 | D        | Became a worshipper of Trog the Wrathful
    71 | D        | Found a stormy altar of Qazlal.
    71 | D        | Found an opulent altar of Gozag.
   164 | D        | Acquired Trog's first power
   164 | D        | Reached skill level 5 in Shields
   167 | D        | Reached skill level 5 in Armour
   167 | D        | Reached XP level 3. HP: 27/34 MP: 2/2
   242 | D        | Acquired Trog's second power
   252 | D        | Noticed a centaur
   259 | D        | Killed a centaur
   259 | D        | Reached skill level 5 in Fighting
   259 | D        | Reached skill level 6 in Maces & Flails
   259 | D        | Reached XP level 4. HP: 38/42 MP: 3/3
   424 | D        | Noticed a hound
   424 | D        | Noticed a big kobold
   437 | D        | Killed a hound
   437 | D        | Reached skill level 7 in Armour
   437 | D        | Reached XP level 5. HP: 45/49 MP: 4/4
   441 | D        | Killed a big kobold
   441 | D        | Reached skill level 8 in Shields
   449 | D        | Noticed a big kobold
   462 | D        | Killed a big kobold
   462 | D        | Reached XP level 6. HP: 54/58 MP: 5/5
   476 | D        | Noticed a hungry ghost
   500 | D        | Killed a hungry ghost
   500 | D        | Reached skill level 9 in Armour
   500 | D        | Reached skill level 5 in Dodging
   504 | D        | Noticed a centaur
   506 | D        | Noticed a fire bat
   511 | D        | Killed a centaur
   522 | D        | Killed a fire bat
   522 | D        | Reached skill level 10 in Armour
   522 | D        | Reached skill level 10 in Shields
   522 | D        | Reached XP level 7. HP: 34/66 MP: 6/6
   619 | D        | Noticed a porcupine
   621 | D        | Killed a porcupine
   621 | D        | Acquired Trog's third power
   621 | D        | Reached skill level 10 in Maces & Flails
   703 | D        | Noticed a gnoll shaman
   710 | D        | Killed a gnoll shaman
   715 | D        | Noticed a gnoll sergeant
   725 | D        | Killed a gnoll sergeant
   743 | D        | Noticed a wolf
   743 | D        | Noticed a wolf
   743 | D        | Noticed a wolf
   743 | D        | Noticed a wolf
   743 | D        | Noticed a wolf
   743 | D        | Noticed a wolf
   743 | D        | Noticed an orc wizard
   743 | D        | Noticed an orc wizard
   751 | D        | Killed a wolf
   751 | D        | Reached skill level 11 in Shields
   756 | D        | Killed a wolf
   756 | D        | Reached XP level 8. HP: 69/74 MP: 7/7
   758 | D        | Killed a wolf
   758 | D        | Received a gift from Trog
   765 | D        | Killed a wolf
   766 | D        | Killed an orc wizard
   768 | D        | Killed an orc wizard
   771 | D        | Received a gift from Trog
   772 | D        | Killed a wolf
   778 | D        | Killed a wolf
   781 | D        | Got a brightly glowing scimitar {god gift}
   828 | D        | Identified the +9 scimitar of the Unliving {slice, Str-3 Int+3 Dex+4} (Trog gifted it to you in the Dungeon)
   835 | D        | Got the +2 rapier "Haopp" {antimagic, rC+ Str+4 Dex+2}
  1108 | D        | Noticed a hippogriff
  1109 | D        | Noticed a gnoll shaman
  1111 | D        | Killed a gnoll shaman
  1113 | D        | Noticed a gargoyle
  1116 | D        | Killed a hippogriff
  1116 | D        | Reached skill level 12 in Armour
  1121 | D        | Received a gift from Trog
  1128 | D        | Killed a gargoyle
  1135 | D        | Noticed a deep troll
  1141 | D        | Killed a deep troll
  1141 | D        | Reached XP level 9. HP: 43/84 MP: 8/8
  1203 | D        | Received a gift from Trog
  1207 | D        | Noticed a chaos spawn
  1216 | D        | Killed a chaos spawn
  1216 | D        | Reached skill level 13 in Shields
  1295 | D        | Noticed Erica
  1295 | D        | Noticed a rust devil
  1302 | D        | Killed a rust devil
  1319 | D        | Killed Erica
  1319 | D        | Reached skill level 10 in Fighting
  1346 | D        | Noticed a yak
  1346 | D        | Noticed a yak
  1346 | D        | Noticed a yak
  1346 | D        | Noticed a yak
  1346 | D        | Noticed a trapdoor spider
  1350 | D        | Killed a yak
  1353 | D        | Killed a yak
  1356 | D        | Killed a yak
  1356 | D        | Reached skill level 14 in Shields
  1360 | D        | Killed a yak
  1360 | D        | Received a gift from Trog
  1360 | D        | Reached XP level 10. HP: 92/94 MP: 9/9
  1379 | D        | Killed a trapdoor spider
  1467 | D        | Noticed a griffon
  1467 | D        | Noticed a giant leech
  1481 | D        | Killed a giant leech
  1487 | D        | Killed a griffon
  1500 | D        | Noticed an eye of draining
  1500 | D        | Noticed a hornet
  1505 | D        | Killed a hornet
  1509 | D        | Killed an eye of draining
  1537 | D        | Noticed a vampire mosquito
  1537 | D        | Noticed a vampire mosquito
  1537 | D        | Noticed a flying skull
  1546 | D        | Killed a vampire mosquito
  1560 | D        | Killed a flying skull
  1571 | D        | Killed a vampire mosquito
  1627 | D        | Noticed a sixfirhy
  1628 | D        | Noticed a ynoxinul
  1641 | D        | Killed a sixfirhy
  1641 | D        | Reached skill level 15 in Armour
  1641 | D        | Reached skill level 15 in Shields
  1648 | D        | Killed a ynoxinul
  1648 | D        | Received a gift from Trog
  1717 | D        | Noticed an efreet
  1717 | D        | Noticed an ice beast
  1717 | D        | Noticed an orc warrior
  1717 | D        | Noticed an orc priest
  1717 | D        | Noticed an orc priest
  1717 | D        | Noticed a brain worm
  1718 | D        | Noticed a bog body
  1718 | D        | Noticed a killer bee
  1719 | D        | Noticed a killer bee
  1720 | D        | Killed an orc priest
  1722 | D        | Noticed a killer bee
  1722 | D        | Killed a killer bee
  1725 | D        | Noticed a ynoxinul
  1727 | D        | Noticed a smoke demon
  1727 | D        | Killed a killer bee
  1731 | D        | Killed an orc priest
  1731 | D        | Reached skill level 15 in Maces & Flails
  1732 | D        | Killed an orc warrior
  1734 | D        | Killed a killer bee
  1736 | D        | Killed a bog body
  1736 | D        | Received a gift from Trog
  1738 | D        | Killed a brain worm
  1746 | D        | Killed an ice beast
  1752 | D        | Killed a ynoxinul
  1752 | D        | Reached skill level 10 in Dodging
  1755 | D        | Noticed a death yak
  1758 | D        | Noticed Gastronok
  1769 | D        | Noticed a phantasmal warrior
  1770 | D        | Killed a death yak
  1780 | D        | Killed a phantasmal warrior
  1780 | D        | Reached XP level 11. HP: 33/104 MP: 10/10
  1782 | D        | Killed an efreet
  1782 | D        | Received a gift from Trog
  1782 | D        | Killed a smoke demon
  1789 | D        | Killed Gastronok
  1789 | D        | Reached skill level 16 in Armour
  2064 | D        | Noticed a phantom
  2065 | D        | Noticed a kobold demonologist
  2066 | D        | Noticed a kobold demonologist
  2068 | D        | Noticed a big kobold
  2079 | D        | Killed a phantom
  2086 | D        | Killed a kobold demonologist
  2098 | D        | Killed a kobold demonologist
  2098 | D        | Received a gift from Trog
  2104 | D        | Killed a big kobold
  2110 | D        | Received a gift from Trog
  2150 | D        | Noticed a blink frog
  2151 | D        | Noticed a blink frog
  2151 | D        | Noticed a redback
  2151 | D        | Noticed a jumping spider
  2152 | D        | Noticed a blink frog
  2157 | D        | Killed a blink frog
  2159 | D        | Killed a redback
  2173 | D        | Killed a blink frog
  2176 | D        | Killed a blink frog
  2184 | D        | Killed a jumping spider
  2196 | D        | Noticed a blink frog
  2202 | D        | Killed a blink frog
  2206 | D        | Noticed an earth elemental
  2215 | D        | Killed an earth elemental
  2243 | D        | Noticed a shadow
  2245 | D        | Noticed a five-headed hydra
  2247 | D        | Killed a shadow
  2251 | D        | Killed a five-headed hydra
  2265 | D        | Noticed an air elemental
  2265 | D        | Noticed a wandering mushroom
  2265 | D        | Noticed a wraith
  2274 | D        | Killed an air elemental
  2280 | D        | Killed a wraith
  2287 | D        | Killed a wandering mushroom
  2287 | D        | Reached skill level 17 in Shields
  2534 | D        | Noticed a lindwurm
  2534 | D        | Noticed an elephant
  2534 | D        | Noticed an elephant
  2534 | D        | Noticed an elephant
  2534 | D        | Noticed a jumping spider
  2535 | D        | Noticed a seven-headed hydra
  2536 | D        | Noticed a molten gargoyle
  2538 | D        | Noticed a greater naga
  2538 | D        | Killed a jumping spider
  2540 | D        | Killed an elephant
  2540 | D        | Received a gift from Trog
  2543 | D        | Killed an elephant
  2547 | D        | Noticed an eidolon
  2547 | D        | Noticed a demonic crawler
  2549 | D        | Noticed a lindwurm
  2549 | D        | Killed a seven-headed hydra
  2574 | D        | Killed an eidolon
  2577 | D        | Killed a greater naga
  2578 | D        | Killed a lindwurm
  2578 | D        | Received a gift from Trog
  2578 | D        | Killed an elephant
  2578 | D        | Reached XP level 12. HP: 61/115 MP: 11/11
  2580 | D        | Killed a lindwurm
  2581 | D        | Killed a demonic crawler
  2582 | D        | Killed a molten gargoyle
  2584 | D        | Noticed a shadow
  2584 | D        | Killed a shadow
  2585 | D        | Noticed a fire drake
  2586 | D        | Killed a fire drake
  2588 | D        | Noticed a smoke demon
  2588 | D        | Noticed an efreet
  2589 | D        | Killed a smoke demon
  2589 | D        | Received a gift from Trog
  2589 | D        | Reached skill level 18 in Shields
  2592 | D        | Killed an efreet
  2593 | D        | Noticed an elephant
  2593 | D        | Noticed a guardian mummy
  2598 | D        | Killed an elephant
  2601 | D        | Killed a guardian mummy
  2603 | D        | Noticed an elephant
  2605 | D        | Killed an elephant
  2618 | D        | Noticed a vampire mage
  2622 | D        | Killed a vampire mage
  2643 | D        | Noticed a catoblepas
  2644 | D        | Killed a catoblepas
  2732 | D        | Noticed a chaos spawn
  2742 | D        | Killed a chaos spawn
  2742 | D        | Received a gift from Trog
  2756 | D        | Got the +2 halberd "Faismu Rops" {holy, rPois MR+ Int+4 Stlth+}
  2758 | D        | Noticed a spiny frog
  2761 | D        | Killed a spiny frog
  2965 | D        | Noticed a fire crab
  2965 | D        | Noticed a wandering mushroom
  2965 | D        | Noticed an ophan
  2965 | D        | Noticed a deep elf blademaster
  2965 | D        | Noticed an ophan
  2965 | D        | Noticed a deep elf mage
  2965 | D        | Noticed a wandering mushroom
  2970 | D        | Killed a deep elf blademaster
  2971 | D        | Received a gift from Trog
  2976 | D        | Killed a fire crab
  2976 | D        | Killed a wandering mushroom
  2978 | D        | Killed a deep elf mage
  2986 | D        | Killed an ophan
  2986 | D        | Received a gift from Trog
  2991 | D        | Killed an ophan
  2991 | D        | Reached skill level 19 in Shields
  2999 | D        | Killed a wandering mushroom
  3250 | D        | Noticed Ilsuiw
  3250 | D        | Noticed a siren
  3250 | D        | Noticed a siren
  3250 | D        | Noticed a siren
  3250 | D        | Noticed Snorg
  3251 | D        | Noticed a merfolk
  3251 | D        | Noticed an orc knight
  3251 | D        | Noticed an orc knight
  3251 | D        | Noticed an orc knight
  3251 | D        | Noticed an orc knight
  3251 | D        | Killed a siren
  3252 | D        | Noticed an orc knight
  3252 | D        | Noticed an orc warlord
  3252 | D        | Noticed an orc warlord
  3253 | D        | Noticed an orc knight
  3253 | D        | Killed a merfolk
  3255 | D        | Noticed an orc knight
  3255 | D        | Noticed an orc knight
  3255 | D        | Killed a siren
  3257 | D        | Killed an orc knight
  3259 | D        | Killed Ilsuiw
  3262 | D        | Killed an orc knight
  3265 | D        | Noticed an orc knight
  3265 | D        | Killed an orc knight
  3268 | D        | Killed an orc warlord
  3269 | D        | Killed Snorg
  3272 | D        | Killed an orc warlord
  3273 | D        | Killed an orc knight
  3275 | D        | Killed an orc knight
  3277 | D        | Killed an orc knight
  3277 | D        | Received a gift from Trog
  3277 | D        | Reached XP level 13. HP: 54/125 MP: 12/12
  3279 | D        | Killed an orc knight
  3280 | D        | Killed an orc knight
  3282 | D        | Killed an orc knight
  3285 | D        | Killed a siren
  3625 | D        | Noticed a deep elf blademaster
  3626 | D        | Noticed a wolf spider
  3627 | D        | Noticed a naga warrior
  3627 | D        | Noticed a dire elephant
  3628 | D        | Noticed a deep elf knight
  3630 | D        | Noticed a naga warrior
  3635 | D        | Killed a wolf spider
  3635 | D        | Received a gift from Trog
  3651 | D        | Killed a deep elf blademaster
  3651 | D        | Reached skill level 20 in Maces & Flails
  3666 | D        | Killed a dire elephant
  3666 | D        | Reached skill level 15 in Fighting
  3674 | D        | Killed a naga warrior
  3681 | D        | Killed a naga warrior
  3682 | D        | Killed a deep elf knight
  3727 | D        | Got the +6 mace "Taeptas" {elec, -Tele rElec rN+++ Dex+4}
  3729 | D        | Got the +8 dagger "Killer Bee's Bane" {drain, *Confuse rF+ Str+7}
  4073 | D        | Noticed a naga warrior
  4074 | D        | Noticed a great orb of eyes
  4074 | D        | Noticed a deep elf knight
  4081 | D        | Noticed a deep elf knight
  4083 | D        | Noticed a naga warrior
  4087 | D        | Killed a naga warrior
  4087 | D        | Received a gift from Trog
  4089 | D        | Noticed a deep elf knight
  4091 | D        | Noticed a deep elf master archer
  4095 | D        | Killed a great orb of eyes
  4112 | D        | Killed a naga warrior
  4114 | D        | Killed a deep elf master archer
  4130 | D        | Killed a deep elf knight
  4130 | D        | Received a gift from Trog
  4136 | D        | Killed a deep elf knight
  4136 | D        | Reached skill level 21 in Armour
  4147 | D        | Killed a deep elf knight
  4340 | D        | Got the +3 scale mail of the Ward {rPois Str+4}
  4382 | D        | Got the +6 chain mail of Dishonesty {rC+ Regen+ rCorr}
  4793 | D        | Noticed a frost giant
  4796 | D        | Killed a frost giant
  4798 | D        | Killed a lorocyproca
  4798 | D        | Received a gift from Trog
  4800 | D        | Noticed a white draconian
  4800 | D        | Noticed a naga mage
  4802 | D        | Noticed a sphinx
  4803 | D        | Noticed a deep elf annihilator
  4803 | D        | Noticed a wizard
  4804 | D        | Noticed a lich
  4804 | D        | Noticed a lich
  4804 | D        | Killed a white draconian
  4805 | D        | Noticed a deep elf annihilator
  4805 | D        | Killed a naga mage
  4805 | D        | Received a gift from Trog
  4806 | D        | Killed a sphinx
  4807 | D        | Noticed an Executioner
  4808 | D        | Killed a wizard
  4809 | D        | Killed a deep elf annihilator
  4810 | D        | Noticed an eldritch tentacle
  4810 | D        | Noticed a vampire mage
  4812 | D        | Killed a lich
  4814 | D        | Killed a lich
  4814 | D        | Received a gift from Trog
  4814 | D        | Reached XP level 14. HP: 135/137 MP: 13/13
  4818 | D        | Killed a vampire mage
  4819 | D        | Killed a deep elf annihilator
  4821 | D        | Killed an eldritch tentacle
  4871 | D        | Noticed Norris
  4872 | D        | Noticed a sphinx
  4882 | D        | Killed a sphinx
  4882 | D        | Received a gift from Trog
  4882 | D        | Reached skill level 22 in Shields
  4902 | D        | Killed Norris
  4902 | D        | Reached skill level 15 in Dodging
  5153 | D        | Noticed a sphinx
  5156 | D        | Noticed a red draconian
  5157 | D        | Noticed a purple draconian
  5159 | D        | Noticed an apis
  5160 | D        | Noticed a wizard
  5162 | D        | Killed a sphinx
  5180 | D        | Killed an apis
  5188 | D        | Killed a purple draconian
  5188 | D        | Received a gift from Trog
  5201 | D        | Killed a red draconian
  5202 | D        | Noticed a minotaur
  5204 | D        | Noticed a deep elf annihilator
  5204 | D        | Killed a wizard
  5205 | D        | Noticed a wizard
  5218 | D        | Killed a minotaur
  5222 | D        | Killed a wizard
  5225 | D        | Noticed a purple draconian
  5225 | D        | Killed a deep elf annihilator
  5225 | D        | Received a gift from Trog
  5233 | D        | Noticed a black draconian zealot
  5237 | D        | Killed a purple draconian
  5241 | D        | Killed a black draconian zealot
  5241 | D        | Reached skill level 23 in Armour
  5293 | D        | Noticed a wizard
  5297 | D        | Killed a wizard
  5315 | D        | Received a gift from Trog
  5315 | D        | Received a gift from Trog
  5315 | D        | Received a gift from Trog
  5315 | D        | Received a gift from Trog
  5541 | D        | Received a gift from Trog
  5560 | D        | Got the ring "Papoha Paac" {MP+9 Int+4}
  5562 | D        | Got the amulet of the Invisible Hand {rN+ Regen+}
  5565 | D        | Got the amulet "Jatojepyew" {+Rage rElec rN+ Dex-3}
  5772 | D        | Got the amulet "Justowk" {Regen+ Slay+5}
  5774 | D        | Got the ring of Immorality {SustAt MP+9 Str+2}
  5776 | D        | Got the ring of Pules {rPois Int+4 Stlth+}
  5778 | D        | Got the amulet "Ferisem" {+Rage rPois rN+ Str-2}
  5780 | D        | Got the ring "Mesein" {rPois MR++}
  5782 | D        | Got the amulet "Qakus" {rMut rF+ rN+ MR+ Slay-5}
  5784 | D        | Got the amulet "Efeos" {rMut Int+3}
  5786 | D        | Got the ring of Quclaihi {*Confuse rF++ MP+9 EV-2 Stlth-}
  5788 | D        | Got the ring "Deqaaniy" {MP+9 Str+4 Int-3 Dex+2}
  5790 | D        | Got the amulet of Oceol {+Rage rElec Dex+4}
  5792 | D        | Got the amulet "Odiewk Cuass" {rCorr Dex+5}
  5808 | D        | Got the ring "Byseryqe" {+Inv rN+ SInv}
  6007 | D        | Got the ring of Jemergh {rF+ Dex+4}
  6009 | D        | Got the ring of Renirch {Fire +Inv rElec Int-4}
  6011 | D        | Got the ring "Pitodd" {Str+3 Dex+2 SInv}
  6013 | D        | Got the ring of Joegibly {rF- rC++ rN+ Dex+4}
  6019 | D        | Got the ring "Bekh" {Int+6 Dex+6}
  6021 | D        | Got the ring of Nosoxkai {Wiz Str+5 Dex+2}
  6023 | D        | Got the ring of Zaogg {rPois Str+6 Int+2}
  6025 | D        | Got the ring of Kumell {rPois Str+2 Int+2}
  6027 | D        | Got the ring "Ywunumus" {-Tele rF+ rN+ Str+6 Stlth+}
  6029 | D        | Got the ring of Linearity {Ice MR+}
  6031 | D        | Got the ring of Wonder {+Blink rF+ MR+ Str+6 Slay-6}
  6286 | D        | Noticed Ignacio
  6308 | D        | Killed Ignacio
  6697 | D        | Noticed a fire giant
  6705 | D        | Killed a fire giant
  6705 | D        | Reached skill level 5 in Evocations
  6710 | D        | Noticed a Brimstone Fiend
  6721 | D        | Killed a Brimstone Fiend
  6721 | D        | Reached XP level 15. HP: 53/149 MP: 18/18
  6993 | D        | Noticed an iron troll
  7005 | D        | Killed an iron troll
  7009 | D        | Noticed a pearl dragon
  7020 | D        | Killed a pearl dragon
  7020 | D        | Received a gift from Trog
  7020 | D        | Reached skill level 24 in Armour
  7162 | D        | Noticed a balrug
  7165 | D        | Killed a balrug
  7170 | D        | Noticed a green death
  7170 | D        | Noticed a deep elf sorcerer
  7170 | D        | Noticed Opebbyim the pandemonium lord
  7170 | D        | Noticed a deep elf high priest
  7170 | D        | Noticed a mottled draconian
  7170 | D        | Noticed Kurghopuk the pandemonium lord
  7170 | D        | Noticed a merfolk
  7170 | D        | Noticed a tormentor
  7175 | D        | Killed a tormentor
  7178 | D        | a merfolk changed into a slime creature
  7188 | D        | Killed Opebbyim the pandemonium lord
  7204 | D        | Killed Kurghopuk the pandemonium lord
  7206 | D        | Killed a deep elf sorcerer
  7206 | D        | Received a gift from Trog
  7212 | D        | Killed a green death
  7213 | D        | Killed a mottled draconian
  7213 | D        | Received a gift from Trog
  7215 | D        | Killed a deep elf high priest
  7221 | D        | Received a gift from Trog
  7753 | D        | Noticed a Hell Sentinel
  7760 | D        | Killed a Hell Sentinel
  7764 | D        | Noticed a death ooze
  7766 | D        | Killed a death ooze
  7769 | D        | Noticed a greater mummy
  7785 | D        | Killed a greater mummy
  7785 | D        | Reached skill level 25 in Shields
  8095 | D        | Noticed a war gargoyle
  8097 | D        | Killed a war gargoyle
  8102 | D        | Noticed an Ice Fiend
  8107 | D        | Killed an Ice Fiend
  8107 | D        | Reached skill level 10 in Evocations
  8111 | D        | Noticed a hellephant
  8129 | D        | Killed a hellephant
  8501 | D        | Noticed an eye of devastation
  8501 | D        | Noticed a spriggan rider
  8502 | D        | Noticed a sun demon
  8502 | D        | Noticed a catoblepas
  8508 | D        | Killed a spriggan rider
  8508 | D        | Killed a wasp
  8515 | D        | Noticed an iron troll
  8515 | D        | Killed an eye of devastation
  8519 | D        | Noticed an iron troll
  8528 | D        | Killed a sun demon
  8541 | D        | Killed a catoblepas
  8541 | D        | Received a gift from Trog
  8543 | D        | Killed an iron troll
  8557 | D        | Killed an iron troll
  8684 | D        | Noticed a merfolk
  8685 | D        | Noticed a merfolk javelineer
  8685 | D        | Noticed a merfolk
  8685 | D        | Noticed a merfolk
  8685 | D        | Noticed a merfolk
  8685 | D        | Noticed a rakshasa
  8686 | D        | Noticed a profane servitor
  8686 | D        | Noticed a queen bee
  8689 | D        | Noticed a spriggan druid
  8691 | D        | Noticed a fire giant
  8693 | D        | Noticed a yak
  8693 | D        | Killed a spriggan druid
  8698 | D        | Noticed a dire elephant
  8698 | D        | Killed a yak
  8702 | D        | Noticed a hell hog
  8705 | D        | Noticed a cherub
  8707 | D        | Noticed a hell hog
  8717 | D        | Killed a hell hog
  8717 | D        | Received a gift from Trog
  8721 | D        | Killed a profane servitor
  8724 | D        | Killed a fire giant
  8727 | D        | Killed a merfolk
  8728 | D        | Killed a hell hog
  8730 | D        | Killed a merfolk javelineer
  8730 | D        | Received a gift from Trog
  8731 | D        | Killed a merfolk
  8733 | D        | Killed a dire elephant
  8737 | D        | Killed a rakshasa
  8737 | D        | Reached XP level 16. HP: 78/156 MP: 23/23
  8738 | D        | Killed a merfolk
  8740 | D        | Killed a cherub
  8743 | D        | Killed a merfolk
  8756 | D        | Received a gift from Trog
  8763 | D        | Gained mutation: Your body sometimes deteriorates upon taking damage. [mutagenic meat]
  8764 | D        | Gained mutation: You are resistant to electric shocks. [mutagenic meat]
  8765 | D        | Gained mutation: You passively map a small area around you. [mutagenic meat]
  8920 | D        | Noticed an eye of draining
  8920 | D        | Noticed a ghost moth
  8920 | D        | Noticed a neqoxec
  8920 | D        | Noticed an orc sorcerer
  8920 | D        | Noticed a long sword of slicing
  8920 | D        | Noticed a hell hog
  8921 | D        | Noticed a large abomination
  8921 | D        | Noticed a yak
  8933 | D        | Killed a hell hog
  8936 | D        | Killed a ghost moth
  8936 | D        | Reached skill level 26 in Shields
  8938 | D        | Killed a yak
  8939 | D        | Killed a long sword of slicing
  8940 | D        | Killed an eye of draining
  8941 | D        | Killed a neqoxec
  8942 | D        | Killed an orc sorcerer
  8942 | D        | Received a gift from Trog
  8953 | D        | Noticed a spriggan rider
  8953 | D        | Noticed a hellion
  8954 | D        | Noticed a battleaxe of chopping
  8958 | D        | Noticed a hell hog
  8960 | D        | Noticed a yak
  8960 | D        | Killed a wasp
  8961 | D        | Killed a spriggan
  8963 | D        | Killed a battleaxe of chopping
  8964 | D        | Killed a hell hog
  8966 | D        | Killed a hellion
  8967 | D        | Killed a yak
  8970 | D        | Killed a large abomination
  8980 | D        | Noticed an iron dragon
  9120 | D        | Noticed a wind drake
  9186 | D        | Noticed a bone dragon
  9187 | D        | Noticed a yaktaur
  9188 | D        | Noticed a yaktaur
  9188 | D        | Noticed a yaktaur
  9201 | D        | Killed a bone dragon
  9203 | D        | Noticed a green death
  9204 | D        | Noticed a shadow dragon
  9217 | D        | Killed a green death
  9218 | D        | Noticed a titan
  9221 | D        | Killed a yaktaur
  9221 | D        | Received a gift from Trog
  9223 | D        | Killed a yaktaur
  9225 | D        | Killed a yaktaur
  9234 | D        | Killed a titan
  9248 | D        | Killed a wind drake
  9396 | D        | Killed an iron dragon
  9396 | D        | Received a gift from Trog
  9405 | D        | Killed a shadow dragon
  9425 | D        | Noticed a wandering mushroom
  9429 | D        | Noticed a purple draconian
  9430 | D        | Noticed a shadow dragon
  9431 | D        | Noticed an apis
  9431 | D        | Noticed an orc sorcerer
  9432 | D        | Noticed a Brimstone Fiend
  9432 | D        | Noticed an orc warrior
  9433 | D        | Noticed an azure jelly
  9433 | D        | Noticed a Killer Klown
  9433 | D        | Noticed an orc warrior
  9434 | D        | Noticed an orc warrior
  9435 | D        | Noticed a spriggan air mage
  9435 | D        | Noticed an orc wizard
  9435 | D        | Killed a wandering mushroom
  9436 | D        | Noticed an orc warlord
  9436 | D        | Noticed an orc warrior
  9438 | D        | Killed a shadow dragon
  9439 | D        | Killed an orc warrior
  9440 | D        | Killed an orc warlord
  9446 | D        | Killed a purple draconian
  9446 | D        | Received a gift from Trog
  9454 | D        | Killed a spriggan air mage
  9456 | D        | Noticed an orc wizard
  9457 | D        | Killed an orc wizard
  9463 | D        | Killed an apis
  9463 | D        | Received a gift from Trog
  9465 | D        | Killed an azure jelly
  9475 | D        | Killed a Brimstone Fiend
  9477 | D        | Killed an orc sorcerer
  9478 | D        | Killed an orc wizard
  9497 | D        | Killed a Killer Klown
  9497 | D        | Received a gift from Trog
  9508 | D        | Killed an orc warrior
  9572 | D        | Noticed a balrug
  9575 | D        | Killed a balrug
  9577 | D        | Killed an orc warrior
  9581 | D        | Killed an orc warrior
  9627 | D        | Received a gift from Trog
  9941 | D        | Got the cursed +1 falchion of Faixerur {venom, -Tele rC+ Str+4 Dex+4}
 10505 | D        | Noticed a deep elf summoner
 10506 | D        | Noticed a shadow dragon
 10507 | D        | Noticed a vault guard
 10521 | D        | Killed a shadow dragon
 10521 | D        | Reached skill level 27 in Armour
 10521 | D        | Reached skill level 27 in Shields
 10525 | D        | Killed a deep elf summoner
 10532 | D        | Killed a vault guard
 10532 | D        | Reached skill level 27 in Maces & Flails
 10550 | D        | Noticed a mottled draconian annihilator
 10550 | D        | Noticed a greater naga
 10550 | D        | Noticed a golden dragon
 10550 | D        | Noticed a greater mummy
 10553 | D        | Noticed a storm dragon
 10553 | D        | Noticed a pearl dragon
 10565 | D        | Killed a golden dragon
 10569 | D        | Killed a mottled draconian annihilator
 10573 | D        | Noticed a yellow draconian
 10579 | D        | Noticed a fire dragon
 10579 | D        | Noticed a stone giant
 10579 | D        | Killed a pearl dragon
 10587 | D        | Killed a yellow draconian
 10587 | D        | Received a gift from Trog
 10591 | D        | Noticed a Brimstone Fiend
 10591 | D        | Killed a stone giant
 10591 | D        | Reached skill level 15 in Evocations
 10592 | D        | Killed a storm dragon
 10598 | D        | Killed a greater mummy
 10599 | D        | Killed a fire dragon
 10600 | D        | Killed a Brimstone Fiend
 10603 | D        | Killed a greater naga
 10603 | D        | Received a gift from Trog
 10614 | D        | Noticed a stone giant
 10682 | D        | Noticed an ogre mage
 10684 | D        | Killed an ogre mage
 10689 | D        | Killed a stone giant
 10708 | D        | Noticed an eye of devastation
 10708 | D        | Noticed a two-headed ogre
 10708 | D        | Noticed an ogre
 10709 | D        | Noticed a death ooze
 10715 | D        | Killed an eye of devastation
 10716 | D        | Killed an ogre
 10718 | D        | Killed a death ooze
 10720 | D        | Killed a two-headed ogre
 10721 | D        | Noticed a Brimstone Fiend
 10721 | D        | Noticed a vault guard
 10722 | D        | Noticed a death ooze
 10722 | D        | Noticed a fire giant
 10727 | D        | Noticed a deep elf demonologist
 10727 | D        | Noticed a fire crab
 10727 | D        | Noticed a deep elf blademaster
 10728 | D        | Noticed a greater naga
 10729 | D        | Noticed a spriggan rider
 10731 | D        | Noticed a Brimstone Fiend
 10731 | D        | Noticed a frost giant
 10734 | D        | Noticed a mottled draconian
 10734 | D        | Killed a vault guard
 10743 | D        | Killed a deep elf blademaster
 10743 | D        | Received a gift from Trog
 10745 | D        | Killed a fire crab
 10749 | D        | Noticed a Hell Sentinel
 10750 | D        | Noticed a Hell Sentinel
 10756 | D        | Killed a fire giant
 10758 | D        | Noticed a Shadow Fiend
 10758 | D        | Noticed an ettin
 10759 | D        | Killed a frost giant
 10760 | D        | HP: 5/169 [spriggan rider/spear (12)]
 10760 | D        | Slain by a Hell Sentinel

Vault maps used:
D:        pitsprint

Action                   |  1- 3 |  4- 6 |  7- 9 | 10-12 | 13-15 | 16-18 || total
-------------------------+-------+-------+-------+-------+-------+-------++-------
Melee: Flail             |     2 |    44 |    45 |       |       |       ||    91
       Mace              |    22 |       |       |       |    77 |       ||    99
       Morningstar       |       |       |    66 |   339 |    29 |       ||   434
       Eveningstar       |       |       |       |    19 |   373 |   217 ||   609
Invok: Trog's Hand       |       |     1 |     6 |    11 |    15 |     8 ||    41
       Brothers in Arms  |       |       |     1 |     8 |     6 |     6 ||    21
       Burn Spellbooks   |       |       |       |     3 |     2 |     1 ||     6
       Berserk           |       |       |       |       |     1 |       ||     1
 Abil: Evoke Invisibilit |       |       |       |       |     1 |     2 ||     3
       Evoke Berserk Rag |       |       |       |       |       |     1 ||     1
Evoke: Wand              |       |       |       |       |       |     1 ||     1
  Use: Potion            |     1 |       |       |     5 |     5 |     7 ||    18
       Scroll            |       |       |       |       |     1 |     2 ||     3
 Stab: Distracted        |       |       |       |     1 |       |     2 ||     3
       Petrified         |       |       |       |       |     8 |       ||     8
       Invisible         |       |       |       |       |     2 |     1 ||     3
  Eat: Bread ration      |       |     1 |     1 |     1 |     2 |     3 ||     8
       Chunk             |       |       |       |     3 |     4 |     5 ||    12
       Pizza             |       |       |       |     1 |       |       ||     1
       Royal jelly       |       |       |       |       |     6 |       ||     6
